Map: 2000 Atmospheres LE

Players

Pumba - Winner!

  • Race: Protoss Protoss
  • League: Master
  • Spawn Location: 7:00

BushZk

  • Race: Zerg Zerg
  • League: Master
  • Spawn Location: 3:00

VOD

Have the link to the VOD?

Description

Time

  • Played on: March 29, 2022, 7:06 p.m.
  • Length: 13:10
Show
View Real Time Build Order
Export as new Build Order

Pumba Protoss - Winner!

Build Orders: 1 Gate Expand, Oracle Opening 

Get SALT Encoding   

  12  0:00  Probe  
  13  0:12  Probe  
  14  0:19  Pylon  
  14  0:24  Probe  
  15  0:37  Probe (Chrono Boost)  
  15  0:39  Gateway  
  16  0:48  Probe (Chrono Boost), Assimilator  
  17  0:53  Probe (Chrono Boost)  
  18  1:03  Probe  
  19  1:19  Probe  
  19  1:23  Nexus  
  20  1:34  Cybernetics Core  
  20  1:36  Probe  
  21  1:41  Assimilator  
  21  1:48  Probe  
  21  1:53  Pylon  
  22  2:00  Probe  
  23  2:08  Adept (Chrono Boost)  
  23  2:12  Probe  
  26  2:18  Stargate  
  26  2:24  Probe  
  26  2:28  Warp Gate  
  27  2:30  Adept (Chrono Boost)  
  27  2:35  Probe (Chrono Boost)  
  31  2:41  Probe (Chrono Boost)  
  31  2:47  Probe (Chrono Boost)  
  33  2:51  Probe x2 (Chrono Boost)  
  33  2:52  Adept  
  36  3:00  Probe  
  36  3:01  Probe  
  38  3:08  Oracle (Chrono Boost)  
  41  3:13  Probe  
  41  3:16  Probe, Pylon  
  43  3:22  Gateway  
  43  3:25  Probe  
  44  3:29  Probe  
  45  3:40  Oracle (Chrono Boost), Probe  
  42  3:46  Probe  
  46  3:52  Nexus, Probe  
  46  3:54  Pylon  
  47  3:58  Probe  
  48  4:04  Probe  
  49  4:10  Phoenix, Probe  
  49  4:11  Assimilator  
  49  4:14  Assimilator  
  49  4:16  Robotics Facility  
  53  4:17  Probe  
  53  4:26  Probe  
  53  4:31  Pylon  
  54  4:49  Probe x2  
  56  4:58  Adept  
  56  4:59  Adept  
  59  5:01  Probe x2  
  61  5:13  Probe x2  
  60  5:25  Probe x2  
  61  5:37  Twilight Council  
  61  5:38  Forge  
  61  5:40  Observer  
  62  5:43  Gateway x2  
  62  5:44  Gateway  
  62  5:46  Nexus  
  62  5:47  Gateway  
  62  5:53  Pylon  
  62  5:57  Pylon  
  62  5:58  Pylon  
  62  6:11  Probe x2  
  67  6:14  Protoss Ground Weapons Level 1 (Chrono Boost)  
  67  6:16  Void Ray  
  68  6:19  Blink  
  68  6:22  Adept  
  68  6:23  Probe  
  68  6:25  Shield Battery  
  71  6:27  Sentry  
  73  6:45  Sentry x4  
  73  6:47  Probe x2  
  81  6:53  Gateway  
  81  6:54  Gateway  
  81  6:59  Probe x2  
  83  7:04  Probe  
  83  7:06  Sentry  
  83  7:07  Stalker  
  88  7:11  Probe x2  
  88  7:13  Warp Prism (Chrono Boost)  
  90  7:20  Robotics Bay  
  90  7:21  Probe  
  90  7:22  Robotics Facility  
  93  7:27  Pylon  
  91  7:30  Pylon x2  
  91  7:31  Assimilator  
  91  7:34  Pylon  
  91  7:35  Assimilator  
  91  7:53  Stalker x6  
  91  7:54  Probe  
  91  7:57  Probe  
  105  8:09  Pylon  
  105  8:10  Shield Battery  
  105  8:11  Stalker x2  
  109  8:13  Pylon  
  109  8:19  Stalker  
  111  8:28  Pylon  
  111  8:29  Stalker x5  
  111  8:31  Pylon  
  111  8:33  Nexus  
  121  8:34  Protoss Ground Weapons Level 2 (Chrono Boost)  
  121  8:36  Probe x2  
  123  8:45  Pylon  
  123  8:46  Stalker x3  
  129  8:49  Charge  
  129  8:51  Colossus x2 (Chrono Boost)  
  140  9:03  Extended Thermal Lance  
  140  9:30  Pylon  
  140  9:31  Stalker x8  
  152  9:32  Pylon  
  156  9:39  Disruptor (Chrono Boost)  
  156  9:42  Probe x3  
  156  9:43  Assimilator  
  162  9:48  Photon Cannon  
  162  9:49  Photon Cannon  
  162  9:51  Shield Battery  
  162  9:52  Assimilator  
  162  9:54  Disruptor (Chrono Boost)  
  168  10:08  Disruptor (Chrono Boost)  
  168  10:11  Stalker x3  
  168  10:12  Stalker  
  175  10:17  Probe x2  
  176  10:26  Photon Cannon  
  176  10:30  Disruptor  
  176  10:32  Stalker x4  
  181  11:11  Zealot x6  
  181  11:12  Zealot x2  
  197  11:19  Templar Archives  
  197  11:20  Gateway  
  197  11:22  Gateway  
  197  11:25  Gateway  
  197  11:27  Gateway  
  170  12:06  Stalker x4  
  170  12:07  Stalker x4  
  155  12:37  Zealot x5  
  155  12:38  Zealot x3  
Show
View Real Time Build Order
Export as new Build Order

BushZk Zerg 

Build Orders: Hatch First 

Get SALT Encoding   

  12  0:01  Drone  
  13  0:12  Overlord  
  13  0:21  Drone  
  14  0:31  Drone  
  14  0:32  Drone  
  14  0:34  Drone  
  17  0:45  Drone  
  18  0:57  Hatchery  
  18  1:02  Drone, Extractor  
  17  1:06  Drone  
  18  1:18  Drone  
  19  1:24  Spawning Pool  
  18  1:28  Drone  
  19  1:38  Overlord  
  19  1:49  Drone  
  20  2:01  Drone  
  21  2:11  Queen x2  
  21  2:13  Zergling x4  
  21  2:14  Metabolic Boost  
  27  2:21  Drone  
  28  2:24  Drone  
  29  2:31  Drone  
  29  2:33  Drone  
  31  2:42  Drone  
  32  2:47  Overlord  
  32  2:49  Hatchery  
  31  2:55  Zergling x2  
  32  3:03  Queen, Drone x2  
  36  3:06  Drone  
  37  3:15  Drone  
  37  3:18  Queen  
  40  3:20  Overlord  
  40  3:22  Drone  
  40  3:23  Drone  
  42  3:28  Zergling x2  
  42  3:31  Drone  
  44  3:37  Drone  
  44  3:39  Drone  
  44  3:43  Drone  
  44  3:44  Queen  
  44  3:47  Roach Warren  
  46  3:49  Spore Crawler  
  46  3:51  Drone x2  
  47  3:58  Zergling x2  
  47  4:00  Queen  
  50  4:04  Zergling x4  
  50  4:09  Spore Crawler  
  51  4:12  Drone  
  51  4:13  Drone  
  51  4:16  Zergling x4  
  53  4:18  Zergling x4  
  53  4:21  Spore Crawler  
  52  4:24  Zergling x4  
  52  4:31  Zergling x8  
  58  4:35  Overlord  
  58  4:37  Overlord  
  57  4:46  Drone  
  57  4:48  Drone  
  57  4:50  Lair  
  58  4:56  Drone x3  
  58  4:57  Drone  
  62  5:03  Drone x2  
  62  5:06  Drone  
  65  5:07  Drone  
  65  5:12  Baneling Nest, Overlord x2, Extractor  
  62  5:16  Drone  
  62  5:20  Drone x3  
  66  5:24  Extractor  
  66  5:25  Drone x2, Extractor  
  64  5:29  Drone  
  64  5:30  Drone  
  65  5:37  Drone x4  
  67  5:48  Overlord  
  66  6:07  Overlord  
  66  6:08  Drone x2  
  66  6:09  Drone x2  
  66  6:10  Drone  
  71  6:12  Zergling x4  
  73  6:19  Overlord x2  
  73  6:23  Hatchery  
  73  6:24  Queen x2  
  76  6:29  Evolution Chamber  
  76  6:31  Evolution Chamber  
  74  6:34  Extractor  
  74  6:36  Drone x2  
  74  6:37  Drone x2  
  74  6:38  Drone x2  
  77  6:40  Zergling x10  
  77  6:41  Zergling x2  
  77  6:44  Drone  
  77  6:45  Drone x2  
  77  6:46  Queen, Drone  
  87  6:47  Extractor  
  87  6:50  Nydus Network  
  85  6:58  Overlord  
  85  7:00  Queen  
  87  7:08  Roach  
  89  7:09  Overlord  
  89  7:10  Overlord x2  
  89  7:23  Glial Reconstitution, Centrifugal Hooks  
  89  7:26  Zerg Ground Armor Level 1  
  89  7:33  Roach x7  
  101  7:37  Roach x2  
  101  7:40  Overseer  
  101  7:43  Roach  
  103  7:51  Drone x2  
  103  7:54  Roach x7  
  117  8:02  Zergling x2, Roach  
  117  8:04  Overlord x3  
  120  8:11  Zerg Missile Weapons Level 1  
  120  8:17  Nydus Canal  
  118  8:22  Roach x6  
  118  8:23  Zergling x2  
  125  8:34  Drone x4  
  120  8:43  Zergling x10, Roach x2  
  120  8:46  Drone  
  130  8:57  Drone  
  130  8:59  Zergling x10  
  136  9:05  Infestation Pit  
  136  9:08  Overseer, Drone  
  136  9:10  Zergling x4  
  136  9:11  Zergling x2  
  136  9:12  Spore Crawler  
  136  9:16  Zergling x2  
  140  9:17  Zergling x2  
  140  9:19  Baneling x9  
  140  9:22  Drone x2  
  142  9:27  Hydralisk Den  
  141  9:37  Zergling x10  
  143  9:42  Hive  
  142  9:48  Ravager  
  142  9:50  Overlord x2  
  143  9:59  Overlord  
  139  10:08  Roach  
  139  10:09  Zergling x2, Roach x5  
  152  10:15  Overlord  
  152  10:16  Zerg Missile Weapons Level 2, Zerg Ground Armor Level 2, Overlord  
  152  10:20  Drone  
  152  10:21  Drone x8  
  158  10:22  Overlord  
  158  10:23  Overlord  
  158  10:33  Overseer  
  158  10:35  Ravager x5  
  164  10:36  Ravager x3  
  164  10:39  Zergling x18  
  164  10:41  Baneling x5  
  175  10:43  Baneling  
  175  10:51  Baneling  
  175  10:52  Baneling x4  
  175  10:56  Baneling  
  175  10:57  Baneling x2  
  175  11:00  Extractor x2  
  175  11:02  Spine Crawler  
  175  11:03  Drone x6  
  175  11:05  Spine Crawler  
  175  11:07  Zergling x12, Roach, Spine Crawler  
  175  11:08  Zergling x2, Roach x3  
  188  11:13  Baneling x6  
  188  11:17  Drone x2, Overlord x2  
  189  11:33  Roach x2  
  163  11:53  Zergling x2, Roach x11  
  160  11:54  Viper  
  160  11:58  Zergling x2  
  160  11:59  Zergling x4, Roach x2  
  160  12:03  Ravager  
  160  12:04  Ravager x2  
  160  12:05  Zergling x4  
  160  12:06  Zergling x4  
  166  12:12  Roach  
  163  12:27  Baneling x10  
  137  12:37  Zergling x2, Roach x6  
  137  12:38  Zergling x2, Roach  
Tags
 
Add a new tag
Caveats
  • Supply blocks, unpowered buildings, or Contaminate may cause inaccurate times.
  • Supply counts are checked every 10 seconds.